 Dungeon Crawl Stone Soup version 0.21.1-1-g345015fe64 (webtiles) character file.

47 Peloso the Skirmisher (level 3, -1/29 HPs)
             Began as a Demonspawn Abyssal Knight on June 15, 2018.
             Was a Follower of Lugonu.
             Slain by a gnoll
             ... wielding a +0 halberd
              (6 damage)
             ... on level 3 of the Dungeon.
             The game lasted 00:03:15 (1848 turns).

Peloso the Skirmisher (Demonspawn Abyssal Knight)   Turns: 1848, Time: 00:03:16

Health: -1/29      AC:  8    Str: 13    XL:     3   Next: 48%
Magic:  4/4        EV:  6    Int: 13    God:    Lugonu [*.....]
Gold:   70         SH:  0    Dex: 12    Spells: 2/2 levels left

rFire    . . .     SeeInvis .   a - +1 falchion
rCold    . . .     Gourm    .   (no shield)
rNeg     . . .     Faith    .   i - +0 chain mail
rPois    .         Spirit   .   (helmet restricted)
rElec    .         Reflect  .   (no cloak)
rCorr    .         Harm     .   (no gloves)
MR       .....                  (no boots)
Stlth    ..........             (no amulet)
HPRegen  0.09/turn              h - ring of loudness
MPRegen  0.09/turn              (no ring)

@: no status effects
A: antennae 1
a: Depart the Abyss, Renounce Religion


You were on level 3 of the Dungeon.
You worshipped Lugonu.
Lugonu was aware of your devotion.
You were hungry.

You visited 1 branch of the dungeon, and saw 3 of its levels.
You visited the Abyss 1 time.

You collected 70 gold pieces.

Inventory:

Hand Weapons
 a - a +1 falchion (weapon)
Armour
 b - a +0 leather armour
 i - a +0 chain mail (worn)
Jewellery
 g - a cursed amulet of inaccuracy {unknown}
 h - a ring of loudness (left hand)
Scrolls
 f - a scroll of remove curse
 j - a scroll of teleportation
Potions
 d - a potion of ambrosia
 e - 2 potions of degeneration {unknown}
 k - a potion of agility {unknown}
 l - a potion of haste {unknown}
 m - a potion of curing {unknown}
Comestibles
 c - 4 rations


   Skills:
 + Level 3.6 Fighting
 + Level 2.6 Long Blades
 + Level 2.1 Armour
 + Level 1.0 Dodging
 + Level 2.5 Invocations


You had 2 spell levels left.
You didn't know any spells.

Dungeon Overview and Level Annotations

Branches:
Dungeon (3/15)

Altars:


Innate Abilities, Weirdness & Mutations

You have a pair of small antennae on your head.


Message History

The gnoll hits you but does no damage. The gnoll barely misses you.
Found a stone staircase leading down.
There is an escape hatch in the floor here.
You hit the gnoll.
The gnoll is lightly wounded.
The gnoll hits you with a flail.
You hit the gnoll.
The gnoll is moderately wounded.
The gnoll barely misses you. The gnoll hits you with a flail.
The gnoll hits you.
You hit the gnoll.
The gnoll is heavily wounded.
The gnoll hits you from afar with a halberd!
* * * LOW HITPOINT WARNING * * *
The gnoll hits you but does no damage. The gnoll hits you.
* * * LOW HITPOINT WARNING * * *
You closely miss the gnoll.
The gnoll is heavily wounded.
The gnoll hits you from afar with a halberd.
You die...

# ##.#.## .# #.
.%...##.###
##.##........>.
...............
#...........
#.....g....# #.....g.#
.# #.. #..#@g# .#
#...# #.....##.# #...#
##......?####...#####
.##(#.#..............#
..........###....###.#
.####.#.##......##.#.#
.. ...#...............
# #####.##.##.#.##.#.#
#.##.##....###.#


You could see 3 gnolls.

Vanquished Creatures
  An adder (D:3)
  2 dart slugs
  2 leopard geckos
  3 giant cockroaches
  A goblin (D:1)
  4 hobgoblins
  5 kobolds
  2 ball pythons (D:1)
  6 bats
  2 frilled lizards (D:2)
  4 rats
32 creatures vanquished.

Notes
Turn   | Place    | Note
-------+----------+-------------------------------------------
     0 | Abyss:1  | Peloso the Demonspawn Abyssal Knight began the quest for the Orb.
     0 | Abyss:1  | Reached XP level 1. HP: 18/18 MP: 2/2
    72 | Abyss:1  | Noticed a red devil
   110 | Abyss:1  | Noticed a spatial vortex
   111 | Abyss:1  | Noticed a spatial vortex
   113 | Abyss:1  | Noticed a small abomination
   115 | D:1      | Escaped the Abyss
   222 | D:1      | Reached * piety under Lugonu
   292 | D:1      | Gained mutation: You have a pair of small antennae on your head. [demonic ancestry]
   292 | D:1      | Reached XP level 2. HP: 22/24 MP: 3/3
  1088 | D:2      | Reached skill level 1 in Dodging
  1109 | D:2      | Reached XP level 3. HP: 27/29 MP: 4/4
  1848 | D:3      | Slain by a gnoll

Skill      XL: |  1  2 |
---------------+-------+-----
Long Blades    | 2 |  2.6
Armour         | 2 |  2.1
Dodging        | 1 |  1.0
Fighting       | |  3.6
Invocations    | |  2.5

Action                   || total
-------------------------++-------
Melee: Falchion          ||    79
Invok: Depart the Abyss  ||     1
  Use: Scroll            ||     3
  Eat: Chunk             ||     2
Armor: Leather armour    ||    17
       Chain mail        ||    22
Dodge: Dodged            ||    50
       Rpst.: Falchion   ||    15
